 Dungeon Crawl Stone Soup version 0.29-a0-352-g0917bc69df (webtiles) character file.

Game seed: 12694984087770715103

21 pokeman the Magician (level 2, 0/16 HPs)
             Began as a Deep Elf Hedge Wizard on Apr 24, 2022.
             Slain by an endoplasm (1 damage)
             ... on level 2 of the Dungeon.
             The game lasted 00:01:39 (1468 turns).

pokeman the Magician (Deep Elf Hedge Wizard)        Turns: 1468, Time: 00:01:40

Health: 0/16       AC:  3    Str:  7    XL:     2   Next: 62%
Magic:  9/9        EV: 11    Int: 18    God:
Gold:   44         SH:  0    Dex: 14    Spells: 9/10 levels left

rFire   . . .      SeeInvis .   a - +0 dagger
rCold   . . .      Faith    .   (no shield)
rNeg    . . .      Spirit   .   g - +0 leather armour
rPois   .          Reflect  .   c - +0 hat
rElec   .          Harm     .   (no cloak)
rCorr   .          Rampage  .   (no gloves)
Will    .....                   (no boots)
Stlth   ++........              (no amulet)
HPRegen 0.05/turn               (no ring)
MPRegen 0.11/turn               (no ring)

@: no status effects
A: no striking features
a: no special abilities


You were on level 2 of the Dungeon.
You visited 1 branch of the dungeon, and saw 2 of its levels.

You collected 44 gold pieces.

Inventory:

Hand Weapons
 a - a +0 dagger (weapon)
 k - a +0 whip of electrocution
Missiles
 f - a throwing net
Armour
 c - a +0 hat (worn)
 g - a +0 leather armour (worn)
Scrolls
 e - a scroll of fear {unknown}
 i - a scroll of magic mapping {unknown}
 j - a scroll of silence {unknown}
Potions
 b - a potion of curing {unknown}
 d - a potion of magic
 h - 2 potions of resistance {unknown}


   Skills:
 + Level 0.5 Fighting
 + Level 0.5 Armour
 - Level 2.4 Dodging
 - Level 2.4 Stealth
 * Level 4.9 Spellcasting
 + Level 1.6 Conjurations
 - Level 1.1 Summonings
 - Level 1.1 Translocations


You had 9 spell levels left.
You knew the following spells:

 Your Spells              Type           Power      Damage    Failure   Level
a - Magic Dart            Conj           40%        1d5       10%         1

Your spell library contained the following spells:

 Spells                   Type           Power      Damage    Failure   Level
 Blink                    Tloc           16%        N/A       19%         2
 Call Imp                 Summ           8%         N/A       19%         2
 Slow                     Hex            16%        N/A       21%         1
 Conjure Flame            Conj/Fire      7%         6-21      38%         3
 Mephitic Cloud           Conj/Pois/Air  6%         N/A       43%         3


Dungeon Overview and Level Annotations

Branches:
Dungeon (2/15)

Altars:


Message History

You climb downwards.
The endoplasm quivers.
There is a stone staircase leading up here.
You climb upwards.
There is a stone staircase leading down here.
The worm bites you.
You climb downwards.
The quokka bites you but does no damage.
The dart slug launches a dart at you. The slug dart misses you.
The quokka barely misses you.
There is a stone staircase leading up here.
The quokka attacks as you move away!
The quokka bites you but does no damage.
The quokka bites you. The endoplasm freezes you.
You are frozen.
The endoplasm attacks as you move away! The endoplasm completely misses you.
The quokka attacks as you move away!
The quokka bites you but does no damage.
Found 11 gold pieces.
You see here a viscous green potion.
The endoplasm attacks as you move away! The endoplasm completely misses you.
The quokka closely misses you. The quokka bites you.
Found a runed whip.
The quokka bites you but does no damage.
The quokka bites you but does no damage.
The dart slug launches a dart at you. The slug dart hits you.
The endoplasm attacks as you move away! The endoplasm hits you.
* * * LOW HITPOINT WARNING * * *
The endoplasm attacks as you move away! The endoplasm closely misses you.
Found a book of Alchemy.
The quokka bites you but does no damage.
The endoplasm attacks as you move away! The endoplasm hits you.
* * * LOW HITPOINT WARNING * * *
An adder comes into view.
You see here a +0 whip of electrocution.
k - a +0 whip of electrocution The quokka closely misses you.
The endoplasm hits you.
You die...

#...........#
#...........#
#...........#
#.........w.# #
#.$........w## .###
#............## ##....
############..##......
#.......J..#
#.#####.r@## ###.#
.... ##.... ####. ..
:. #S


You could see a worm, an adder (asleep), a dart slug, an endoplasm and a quokka.

Vanquished Creatures
  A dart slug (D:1)
  2 ball pythons (D:1)
  An endoplasm (D:1)
  2 goblins (D:1)
  2 hobgoblins (D:1)
  3 jackals (D:1)
  A bat (D:1)
  A frilled lizard (D:1)
  2 kobolds (D:1)
  2 rats (D:1)
17 creatures vanquished.

Notes
Turn   | Place    | Note
-------+----------+-------------------------------------------
     0 | D:1      | pokeman the Deep Elf Hedge Wizard began the quest for the
                  | Orb.
     0 | D:1      | Reached XP level 1. HP: 10/10 MP: 7/7
   709 | D:1      | Reached XP level 2. HP: 16/16 MP: 4/9
  1284 | D:1      | Found a faded altar of an unknown god.
  1468 | D:2      | Slain by an endoplasm

Illustrated notes

Levels and vault maps discovered:
D:1:      dpeg_arrival_signposts, layout_basic, ebering_ecumenical_altar_rust,
          grunt_decor_clamped
D:2:      layout_rooms

Action                   || total
-------------------------++-------
Melee: Dagger            ||    10
 Cast: Magic Dart        ||    48
Armor: Leather armour    ||     9
Dodge: Dodged            ||    15

Table legend: (Time is in decaauts)
 A = Elapsed time spent in this place.
 B = Non-inter-level travel time spent in this place.
 C = Inter-level travel time spent in this place.
 D = Time resting spent in this place.
 E = Time spent auto-exploring this place.
 F = Levels seen in this place.
 G = Mean time per level.
                   A        B        C        D        E       F      G
               +--------+--------+--------+--------+--------+-----+--------+
         Total |   1469 |   1402 |     67 |    238 |   1008 |   2 |  734.5 |
       Dungeon |   1469 |   1402 |     67 |    238 |   1008 |   2 |  734.5 |
               +--------+--------+--------+--------+--------+-----+--------+

Top non-repeatable levels by time:
     D:1: 1448 daAuts
     D:2: 21 daAuts
